 Dungeon Crawl Stone Soup version 0.29.1 (webtiles) character file.

Game seed: 5993158606238648149

790 qw the Chopper (level 7, 0/43 HPs)
             Began as a Gargoyle Fighter on Sept 13, 2022.
             Slain by a gnoll
             ... wielding a +0 spear
              (2 damage)
             ... on level 5 of the Dungeon.
             The game lasted 00:01:26 (4323 turns).

qw the Chopper (Gargoyle Fighter)                   Turns: 4323, Time: 00:01:26

Health: 0/43       AC: 15    Str: 21    XL:     7   Next: 87%
Magic:  7/7        EV:  9    Int:  9    God:
Gold:   293        SH: 15    Dex: 15    Spells: 6/6 levels left

rFire   + . .      SeeInvis .   Y - +0 war axe
rCold   . . .      Faith    .   m - +0 kite shield
rNeg    + . .      Spirit   .   b - +0 scale mail
rPois   inf        Reflect  +   (no helmet)
rElec   +          Harm     .   (no cloak)
rCorr   .          Rampage  .   g - +2 pair of gloves
Will    .....                   r - +0 pair of boots
Stlth   ..........              p - amulet of reflection
HPRegen 0.14/turn               k - +6 ring of dexterity
MPRegen 0.10/turn               n - ring of protection from fire

@: no status effects
A: sickness immunity, AC +4, negative energy resistance 1, electricity
resistance, torment resistance 1, petrification resistance
a: no special abilities


You were on level 5 of the Dungeon.
You visited 1 branch of the dungeon, and saw 5 of its levels.
You also visited: Sewer.

You collected 293 gold pieces.


Innate Abilities, Weirdness & Mutations

You are immune to sickness and miasma.
Your stone body is resilient. (AC +4)
You are immune to poison.
You resist negative energy. (rN+)
You are resistant to electric shocks. (rElec)
You are resistant to unholy torment.
You are immune to petrification.


   Skills:
 - Level 4.0 Fighting
 + Level 5.9 Axes
 - Level 3.2 Armour
 - Level 2.4 Dodging
 - Level 5.6 Shields


You had 6 spell levels left.
You didn't know any spells.
Your spell library was empty.

Inventory:

Hand Weapons
 l - a +0 flail
 Y - a +0 war axe (weapon)
Armour
 b - a +0 scale mail (worn)
 g - a +2 pair of gloves (worn)
 m - a +0 kite shield (worn)
 r - a +0 pair of boots (worn)
Jewellery
 k - a +6 ring of dexterity (left hand)
 n - a ring of protection from fire (right hand)
 p - an amulet of reflection (around neck)
Scrolls
 a - a scroll of identify
 s - a scroll of blinking
Potions
 c - a potion of curing {unknown}
 d - a potion of might
 e - 2 potions of attraction
 h - a potion of resistance {unknown}
 i - a potion of cancellation {unknown}
 j - a potion of lignification {unknown}
 o - a potion of haste

Dungeon Overview and Level Annotations

Branches:
Dungeon (5/15)              Sewer (visited)
 Temple: D:4-7

Altars:


Message History

4315 ||| READING scroll of teleportation.
As you read the scroll of teleportation, it crumbles to dust.
You feel strangely unstable. You block the gnoll's attack. x2
You hit the gnoll.
The gnoll is moderately wounded.
You slash the quokka!
You kill the quokka!
The gnoll closely misses you. You block the gnoll's attack.
A gnoll comes into view. It is wielding a +0 spear.
The gnoll shouts!
You slash the gnoll!
You kill the gnoll!
The gnoll barely misses you. The gnoll completely misses you.
The gnoll hits you from afar with a +0 spear.
You block the gnoll's attack.
You hit the phantom but do no damage.
Your surroundings seem slightly different.
The phantom closely misses you. You block the gnoll's attack.
The gnoll hits you but does no damage.
You slash the phantom!
The phantom is moderately damaged.
The phantom hits you.
The phantom blinks!
You blink.
You hit the phantom.
The phantom is heavily damaged.
You block the phantom's attack. The phantom hits you.
You block the gnoll's attack.
You hit the phantom but do no damage.
The phantom is heavily damaged.
The phantom hits you but does no damage.
You block the gnoll's attack. The gnoll hits you but does no damage.
You slash the phantom!
The phantom is almost destroyed.
The phantom hits you but does no damage.
The gnoll hits you but does no damage. You block the gnoll's attack.
You miss the phantom.
The phantom is almost destroyed.
The phantom barely misses you.
The gnoll hits you from afar with a +0 spear.
You die...

#.....# ..#
####..# #.#
#.%##
###.#######
#....
#.........#
#.##.
#.........#
#.##.
#.........#
#.##.
#..W......#
#.##.
#..@.g....#
#.###
#.........#
#.
#......g....#
#.
#...........#
#....###..)##
##### ###...
###.# ... ##.


You could see a phantom and 2 gnolls.

Vanquished Creatures
  Sigmund (D:4)
  Menkaure (D:4)
  A water moccasin (Sewer)
  An ogre (D:5)
  A howler monkey (D:5)
  2 hounds (D:4)
  A jelly (D:4)
  An orc priest (D:5)
  Jessica (D:3)
  An iguana (D:5)
  A gnoll (D:5)
  4 adders
  An ufetubus (D:5)
  2 dart slugs
  5 orcs
  6 endoplasms
  2 giant cockroaches
  6 goblins
  5 hobgoblins
  4 jackals
  2 kobolds
  3 quokkas
  6 ball pythons
  8 bats
  4 frilled lizards
  7 rats
77 creatures vanquished.

Notes
Turn   | Place    | Note
-------+----------+-------------------------------------------
     0 | D:1      | qw the Gargoyle Fighter began the quest for the Orb.
     0 | D:1      | Reached XP level 1. HP: 14/14 MP: 1/1
     0 | D:1      | 0 ||| qw: Version: 0.1-a-119-g272c26d
     0 | D:1      | 0 ||| qw: Game counter: 11178
     0 | D:1      | 0 ||| qw: Always use a shield: true
     0 | D:1      | 0 ||| qw: God list: Okawaru
     0 | D:1      | 0 ||| qw: Allow faded altars: false
     0 | D:1      | 0 ||| qw: Do Orc after D:15 true
     0 | D:1      | 0 ||| qw: Do second Lair branch before Depths: true
     0 | D:1      | 0 ||| qw: Lair rune preference: random
     0 | D:1      | 0 ||| qw: Plans: Normal, Zot, God:TSO, Crypt, Tomb, Pan,
                  | Slime, Hells, Zig, Abyss, Orb
     0 | D:1      | 0 ||| PLANNING D:1-11
    80 | D:1      | 80 ||| Stepping ~*~*~tactically~*~*~ (hiding).
    87 | D:1      | Reached XP level 2. HP: 19/19 MP: 2/2
   832 | D:1      | Found a faded altar of an unknown god.
  1111 | D:1      | Reached skill level 3 in Axes
  1232 | D:1      | 1232 ||| READING scroll labelled MOIDWO SIAGGA.
  1233 | D:1      | 1233 ||| READING scroll labelled INYMYTU MIDDAF.
  1238 | D:1      | 1238 ||| READING scroll labelled BUGINYS JOI.
  1239 | D:1      | 1239 ||| READING scroll labelled RAAPTA RACUONN.
  1240 | D:1      | 1240 ||| READING scroll labelled MEXE TOP WIXE.
  1290 | D:2      | Reached XP level 3. HP: 23/23 MP: 3/3
  1445 | D:2      | 1445 ||| FLEEEEING.
  1446 | D:2      | 1446 ||| FLEEEEING.
  1447 | D:2      | 1447 ||| FLEEEEING.
  1448 | D:2      | 1448 ||| FLEEEEING.
  1450 | D:2      | 1450 ||| STAIRDANCE
  1491 | D:1      | 1491 ||| READING scroll labelled GASI TIBEIGIFF.
  1492 | D:1      | 1492 ||| READING scroll labelled ASUCEA TAKE.
  1493 | D:1      | 1493 ||| READING 2 scrolls of identify.
  1493 | D:1      | 1493 ||| IDENTIFYING green potion
  1639 | D:2      | Reached XP level 4. HP: 25/28 MP: 4/4
  1842 | D:2      | 1842 ||| Stepping ~*~*~tactically~*~*~ (stealth).
  1844 | D:2      | 1844 ||| Stepping ~*~*~tactically~*~*~ (stealth).
  1850 | D:2      | 1850 ||| Stepping ~*~*~tactically~*~*~ (stealth).
  2108 | D:2      | 2108 ||| UPGRADING to +0 pair of gloves.
  2113 | D:2      | 2113 ||| UPGRADING to amulet of regeneration.
  2118 | D:2      | 2118 ||| READING scroll labelled APSIOSUIGYG.
  2126 | D:3      | 2126 ||| PLANNING SEWER
  2196 | D:3      | Noticed Jessica
  2197 | D:3      | 2197 ||| Stepping ~*~*~tactically~*~*~ (stealth).
  2201 | D:3      | Killed Jessica
  2218 | D:3      | 2218 ||| DROPPING +0 club.
  2279 | D:3      | 2279 ||| DROPPING +3 whip.
  2403 | D:3      | 2403 ||| READING scroll of enchant armour.
  2403 | D:3      | 2403 ||| ENCHANTING +0 pair of gloves.
  2420 | D:3      | 2420 ||| Stepping ~*~*~tactically~*~*~ (stealth).
  2462 | D:3      | 2462 ||| DROPPING +3 mace.
  2685 | D:3      | Found a glowing drain.
  2686 | D:3      | 2686 ||| UPGRADING to amulet of reflection.
  2696 | D:3      | 2696 ||| DROPPING amulet of regeneration.
  2697 | D:3      | 2697 ||| UPGRADING to +6 ring of dexterity.
  2698 | D:3      | 2698 ||| READING scroll labelled OCKYOPS KIEFUDGH.
  2699 | D:3      | 2699 ||| DRINKING 2 gluggy clear potions.
  2800 | D:3      | 2800 ||| DROPPING potion of ambrosia.
  2804 | Sewer    | Entered a sewer
  2835 | Sewer    | Noticed a water moccasin
  2846 | Sewer    | Killed a water moccasin
  2847 | Sewer    | Reached XP level 5. HP: 18/32 MP: 5/5
  3041 | Sewer    | 3041 ||| DRINKING 2 metallic black potions.
  3042 | Sewer    | 3042 ||| DRINKING 2 glowing emerald potions.
  3043 | Sewer    | 3043 ||| DROPPING potion of brilliance.
  3060 | D:3      | 3060 ||| PLANNING D:1-11
  3250 | D:4      | Reached XP level 6. HP: 21/37 MP: 6/6
  3251 | D:4      | 3251 ||| Stepping ~*~*~tactically~*~*~ (stealth).
  3258 | D:4      | 3258 ||| FLEEEEING.
  3259 | D:4      | 3259 ||| FLEEEEING.
  3260 | D:4      | 3260 ||| FLEEEEING.
  3261 | D:4      | 3261 ||| FLEEEEING.
  3262 | D:4      | 3262 ||| FLEEEEING.
  3263 | D:4      | 3263 ||| FLEEEEING.
  3264 | D:4      | 3264 ||| FLEEEEING.
  3265 | D:4      | 3265 ||| FLEEEEING.
  3266 | D:4      | 3266 ||| FLEEEEING.
  3267 | D:4      | 3267 ||| FLEEEEING.
  3268 | D:4      | 3268 ||| FLEEEEING.
  3269 | D:4      | 3269 ||| FLEEEEING.
  3270 | D:4      | 3270 ||| FLEEEEING.
  3271 | D:4      | 3271 ||| FLEEEEING.
  3272 | D:4      | 3272 ||| FLEEEEING.
  3273 | D:4      | 3273 ||| STAIRDANCE
  3377 | D:3      | 3377 ||| UPGRADING to +0 kite shield.
  3387 | D:3      | 3387 ||| DROPPING +0 buckler.
  3394 | D:4      | 3394 ||| STAIRDANCE
  3444 | D:4      | 3444 ||| Stepping ~*~*~tactically~*~*~ (stealth).
  3572 | D:4      | Noticed Sigmund
  3582 | D:4      | Killed Sigmund
  3583 | D:4      | Reached XP level 7. HP: 30/41 MP: 7/7
  3694 | D:4      | 3694 ||| READING scroll of enchant armour.
  3694 | D:4      | 3694 ||| ENCHANTING +1 pair of gloves.
  3942 | D:4      | Noticed Menkaure
  3948 | D:4      | Killed Menkaure
  4157 | D:4      | 4157 ||| UPGRADING to +0 pair of boots.
  4162 | D:4      | 4162 ||| UPGRADING to ring of protection from fire.
  4163 | D:4      | 4163 ||| READING scroll labelled DACKEMNILO.
  4182 | D:5      | Entered Level 5 of the Dungeon
  4257 | D:5      | 4257 ||| Stepping ~*~*~tactically~*~*~ (stealth).
  4267 | D:5      | 4267 ||| Stepping ~*~*~tactically~*~*~ (stealth).
  4300 | D:5      | Found the ring of the Octopus King {Fly HP+2 AC+2 EV+2
                  | SH+2}
  4311 | D:5      | HP: 6/43 [ogre/+0 giant club (10)]
  4312 | D:5      | 4312 ||| READING 2 scrolls of teleportation.
  4315 | D:5      | 4315 ||| READING scroll of teleportation.
  4317 | D:5      | HP: 6/43 [gnoll/+0 spear (1)]
  4319 | D:5      | HP: 2/43 [phantom (4)]
  4323 | D:5      | Slain by a gnoll

Levels and vault maps discovered:
D:1:      minmay_arrival_four_circles, layout_basic,
          hellmonk_ecumenical_altar_arch_garden, serial_rivers,
          chequers_serial_rivers_large_b, chequers_serial_rivers_large_a,
          chequers_serial_rivers_micro_c, chequers_serial_rivers_micro_e,
          chequers_serial_rivers_room_a, chequers_serial_rivers_small_b
D:2:      layout_rooms, serial_rivers, chequers_serial_rivers_room_b,
          chequers_serial_rivers_micro_b, chequers_serial_rivers_small_b,
          chequers_serial_rivers_micro_a, chequers_serial_rivers_room_b,
          chequers_serial_rivers_small_a, hex_tiny, kennysheep_another_room,
          kennysheep_generic_room_3
D:3:      layout_basic, gup_sewer_entry_bowl, serial_bayou_pond_a, uniq_jessica
D:4:      layout_basic, kennysheep_small_spiral, uniq_sigmund, uniq_menkaure
D:5:      layout_basic

Skill      XL: |  1  2  3  4  5  6  7 |
---------------+----------------------+-----
Axes           | 2 3 4 5 |  5.9
Dodging        | 2 |  2.4
Shields        | 5 |  5.6
Fighting       | 4 |  4.0
Armour         | |  3.2

Action                   |  1- 3 |  4- 6 |  7- 9 || total
-------------------------+-------+-------+-------++-------
Melee: War axe           |   118 |    92 |    43 ||   253
  Use: Scroll            |     8 |     3 |     4 ||    15
       Potion            |       |     3 |       ||     3
Armor: Scale mail        |    80 |    40 |    14 ||   134
Dodge: Dodged            |    69 |    34 |    17 ||   120
Block: Buckler           |    25 |    12 |       ||    37
       Kite shield       |       |    22 |    32 ||    54
       Reflection        |       |     1 |       ||     1

Table legend:
 A = Non-vault XP
 B = Vault XP
 C = Vault XP percentage of total XP
 D = Non-vault monster count
 E = Vault monster count
 F = Vault count percentage of total count
                 A         B        C        D         E       F
            +---------+---------+-------+---------+---------+-------
      Total |     555 |     574 |  50.8 |      68 |       9 |  11.7
            +---------+---------+-------+---------+---------+-------
        D:1 |      33 |       0 |   0.0 |      21 |       0 |   0.0
        D:2 |      57 |       2 |   3.4 |      20 |       1 |   4.8
        D:3 |      20 |      41 |  67.2 |       9 |       4 |  30.8
        D:4 |     167 |     382 |  69.6 |       9 |       2 |  18.2
        D:5 |     278 |       0 |   0.0 |       9 |       0 |   0.0
      Sewer |       0 |     149 | 100.0 |       0 |       2 | 100.0
            +---------+---------+-------+---------+---------+-------
